TOP OF THE 1ST |
Bismarck Barons batting - Pitching for Red Deer Wranglers : RHP José Pérez
|
Pitching: RHP José Pérez
|
|
Batting: RHB Tony Quinn
|
0-0: Ball 1-0: Ball 2-0: Swinging Strike 2-1: Called Strike 2-2: Strikes out swinging
|
Batting: RHB Benito Minardi
|
0-0: Called Strike 0-1: Swinging Strike 0-2: Fly out, F5 (Line Drive, 56)
|
Batting: RHB Dave Parker
|
0-0: Ball 1-0: Foul Ball, location: 2F 1-1: Ball 2-1: Foul Ball, location: 2F 2-2: Strikes out swinging
|
Top of the 1st over - 0 run(s), 0 hit(s), 0 error(s), 0 left on base; Bismarck 0 - Red Deer 0 |
BOTTOM OF THE 1ST |
Red Deer Wranglers batting - Pitching for Bismarck Barons : RHP Sébastien Benoit
|
Pitching: RHP Sébastien Benoit
|
|
Batting: LHB Enrico Vargas
|
0-0: Called Strike 0-1: Ball 1-1: Fly out, F9 (Line Drive, 9M)
|
Batting: LHB Jorge Olvera
|
0-0: Foul Ball, location: 2F 0-1: Ball 1-1: Ball 2-1: Foul Ball, location: 2F 2-2: Foul Ball, location: 2F 2-2: Foul Ball, location: 2F 2-2: Foul Ball, location: 2F 2-2: Ball 3-2: Foul Ball, location: 2F 3-2: Base on Balls
|
Batting: LHB Del Kennedy
|
0-0: Called Strike 0-1: Foul Ball, location: 2F 0-2: Fly out, F7 (Flyball, 7S)
|
Batting: RHB Carlos Peña
|
0-0: Ball 1-0: Called Strike 1-1: Ball 2-1: Foul Ball, location: 2F 2-2: Ball 3-2: SINGLE (Groundball, 56S) (infield hit) Jorge Olvera to second
|
Batting: SHB José López
|
0-0: Ball 1-0: Ball 2-0: DOUBLE (Line Drive, 9LS) Jorge Olvera scores Carlos Peña to third
|
Batting: LHB Greg Nelson
|
0-0: Foul Ball, location: 2F 0-1: Foul Ball, location: 2F 0-2: Ball 1-2: Foul Ball, location: 2F 1-2: Ball 2-2: SINGLE (Groundball, 4MD) Carlos Peña scores José López to third Runner from 3rd tries for Home, SAFE, no throw or cutoff
|
Batting: LHB José Suárez
|
0-0: Called Strike 0-1: Ball 1-1: Ball 2-1: Ball 3-1: Base on Balls Greg Nelson to second
|
Batting: RHB John McDonald
|
0-0: Swinging Strike 0-1: Ball 1-1: Ball 2-1: Fly out, F8 (Flyball, 8RM)
|
Bottom of the 1st over - 3 run(s), 3 hit(s), 0 error(s), 2 left on base; Bismarck 0 - Red Deer 3 |
TOP OF THE 2ND |
Bismarck Barons batting - Pitching for Red Deer Wranglers : RHP José Pérez
|
Batting: RHB Lúcio Flores
|
0-0: Fly out, F8 (Flyball, 8RS)
|
Batting: LHB Howard Lambert
|
0-0: Ball 1-0: Called Strike 1-1: Swinging Strike 1-2: Foul Ball, location: 2F 1-2: Strikes out looking
|
Batting: LHB Michael Cook
|
0-0: Ball 1-0: Called Strike 1-1: Foul Ball, location: 2F 1-2: Strikes out swinging
|
Top of the 2nd over - 0 run(s), 0 hit(s), 0 error(s), 0 left on base; Bismarck 0 - Red Deer 3 |
BOTTOM OF THE 2ND |
Red Deer Wranglers batting - Pitching for Bismarck Barons : RHP Sébastien Benoit
|
Batting: RHB Oliver Harris
|
0-0: Ball 1-0: Ground out 5-3 (Groundball, 56S)
|
Batting: LHB Enrico Vargas
|
0-0: Called Strike 0-1: Ball 1-1: Ball 2-1: Ball 3-1: Foul Ball, location: 2F 3-2: Base on Balls
|
Batting: LHB Jorge Olvera
|
0-0: Swinging Strike 0-1: Called Strike 0-2: Ball 1-2: Ball 2-2: Strikes out swinging
|
Batting: LHB Del Kennedy
|
0-0: Called Strike 0-1: Ball 1-1: Foul Ball, location: 2F 1-2: SINGLE (Flyball, 6D) Enrico Vargas to second
|
Batting: RHB Carlos Peña
|
0-0: Ball 1-0: Ball 2-0: Ball 3-0: Called Strike 3-1: Base on Balls Enrico Vargas to third Del Kennedy to second
|
Batting: SHB José López
|
0-0: Called Strike 0-1: Ground out 4-3 (Groundball, 34)
|
Bottom of the 2nd over - 0 run(s), 1 hit(s), 0 error(s), 3 left on base; Bismarck 0 - Red Deer 3 |
TOP OF THE 3RD |
Bismarck Barons batting - Pitching for Red Deer Wranglers : RHP José Pérez
|
Batting: LHB Lorenzo Núñes
|
0-0: Ball 1-0: Ball 2-0: Called Strike 2-1: Ground out 6-3 (Groundball, 56)
|
Batting: RHB Norm Francis
|
0-0: Ball 1-0: Ball 2-0: SINGLE (Line Drive, 8LS)
|
Batting: RHB Paul Ladd
|
0-0: Ball 1-0: Called Strike 1-1: Ball 2-1: Foul Ball, location: 2F 2-2: Foul Ball, location: 2F 2-2: Strikes out swinging
|
Batting: RHB Tony Quinn
|
Pickoff Throw to First - Out!
|
Top of the 3rd over - 0 run(s), 1 hit(s), 0 error(s), 0 left on base; Bismarck 0 - Red Deer 3 |
BOTTOM OF THE 3RD |
Red Deer Wranglers batting - Pitching for Bismarck Barons : RHP Sébastien Benoit
|
Batting: LHB Greg Nelson
|
0-0: Foul Ball, location: 2F 0-1: Ball 1-1: Ground out 1-3 (Groundball, 15S)
|
Batting: LHB José Suárez
|
0-0: Ball 1-0: Ball 2-0: Ball 3-0: Called Strike 3-1: Base on Balls
|
Batting: RHB John McDonald
|
0-0: Called Strike 0-1: Ball 1-1: Foul Ball, location: 2F 1-2: Ball 2-2: Foul Ball, location: 2F 2-2: Ball 3-2: Foul Ball, location: 2F 3-2: Base on Balls José Suárez to second
|
Pitching: LHP Francisco Rodríguez
|
|
Batting: RHB Oliver Harris
|
0-0: Ball 1-0: Fly out, F7 (Flyball, 7LM)
|
Batting: LHB Enrico Vargas
|
0-0: Called Strike 0-1: Ball 1-1: Ground out 4-3 (Groundball, 4)
|
Bottom of the 3rd over - 0 run(s), 0 hit(s), 0 error(s), 2 left on base; Bismarck 0 - Red Deer 3 |
TOP OF THE 4TH |
Bismarck Barons batting - Pitching for Red Deer Wranglers : RHP José Pérez
|
Batting: RHB Tony Quinn
|
0-0: Ball 1-0: Ball 2-0: Swinging Strike 2-1: Foul Ball, location: 2F 2-2: Ball 3-2: SINGLE (Groundball, 3D)
|
Batting: RHB Benito Minardi
|
0-0: Ball 1-0: Fielders Choice at 2nd, 6-4 (Groundball, 6)
|
Batting: RHB Dave Parker
|
0-0: Ball 1-0: Called Strike 1-1: Swinging Strike 1-2: Foul Ball, location: 2F 1-2: Hit by Pitch Benito Minardi to second
|
Batting: RHB Lúcio Flores
|
0-0: Called Strike 0-1: Swinging Strike 0-2: Ball 1-2: Ball 2-2: Ball 3-2: Strikes out looking
|
Batting: LHB Howard Lambert
|
0-0: Ball 1-0: SINGLE (Line Drive, 9S) Benito Minardi to third Dave Parker to second Runner from 3rd tries for Home, SAFE, no throw or cutoff
|
Batting: LHB Michael Cook
|
0-0: Called Strike 0-1: Fielders Choice at 2nd, U4 (Groundball, 4M)
|
Top of the 4th over - 1 run(s), 2 hit(s), 0 error(s), 2 left on base; Bismarck 1 - Red Deer 3 |
BOTTOM OF THE 4TH |
Red Deer Wranglers batting - Pitching for Bismarck Barons : LHP Francisco Rodríguez
|
Batting: LHB Jorge Olvera
|
0-0: Called Strike 0-1: Ball 1-1: Ball 2-1: Ball 3-1: Ground out 4-3 (Groundball, 4)
|
Batting: LHB Del Kennedy
|
0-0: Ball 1-0: Ball 2-0: Ball 3-0: Base on Balls
|
Batting: RHB Carlos Peña
|
0-0: Fly out, F7 (Line Drive, 78S)
|
Batting: SHB José López
|
0-0: Called Strike 0-1: Ball 1-1: Called Strike 1-2: Fly out, F8 (Popup, 8LS)
|
Bottom of the 4th over - 0 run(s), 0 hit(s), 0 error(s), 1 left on base; Bismarck 1 - Red Deer 3 |
TOP OF THE 5TH |
Bismarck Barons batting - Pitching for Red Deer Wranglers : RHP José Pérez
|
Batting: LHB Lorenzo Núñes
|
0-0: Swinging Strike 0-1: Ball 1-1: SINGLE (Line Drive, 34)
|
Batting: RHB Norm Francis
|
0-0: Ball 1-0: Foul Ball, location: 2F 1-1: Ball 2-1: Grounds into double play, 6-4-3 (Groundball, 6)
|
Batting: RHB Paul Ladd
|
0-0: Ball 1-0: Ball 2-0: Fly out, F7 (Flyball, 78M)
|
Top of the 5th over - 0 run(s), 1 hit(s), 0 error(s), 0 left on base; Bismarck 1 - Red Deer 3 |
BOTTOM OF THE 5TH |
Red Deer Wranglers batting - Pitching for Bismarck Barons : LHP Francisco Rodríguez
|
Batting: LHB Greg Nelson
|
0-0: Ball 1-0: Ball 2-0: Ball 3-0: Called Strike 3-1: Called Strike 3-2: Foul Ball, location: 2F 3-2: Strikes out swinging
|
Batting: LHB José Suárez
|
0-0: Called Strike 0-1: Ball 1-1: Called Strike 1-2: Foul Ball, location: 2F 1-2: Ground out 4-3 (Groundball, 34)
|
Batting: RHB John McDonald
|
0-0: Called Strike 0-1: Ground out 6-3 (Groundball, 6)
|
Bottom of the 5th over - 0 run(s), 0 hit(s), 0 error(s), 0 left on base; Bismarck 1 - Red Deer 3 |
TOP OF THE 6TH |
Bismarck Barons batting - Pitching for Red Deer Wranglers : RHP José Pérez
|
Batting: RHB Tony Quinn
|
0-0: Called Strike 0-1: Ball 1-1: Foul Ball, location: 2F 1-2: Ball 2-2: Strikes out swinging
|
Batting: RHB Benito Minardi
|
0-0: Called Strike 0-1: Ground out 5-3 (Groundball, 56)
|
Batting: RHB Dave Parker
|
0-0: Ball 1-0: Ball 2-0: Foul Ball, location: 2F 2-1: SINGLE (Groundball, 56D)
|
Batting: RHB Lúcio Flores
|
0-0: Ball 1-0: Called Strike 1-1: Fly out, F6 (Popup, 6MD)
|
Top of the 6th over - 0 run(s), 1 hit(s), 0 error(s), 1 left on base; Bismarck 1 - Red Deer 3 |
BOTTOM OF THE 6TH |
Red Deer Wranglers batting - Pitching for Bismarck Barons : LHP Francisco Rodríguez
|
Batting: RHB Oliver Harris
|
0-0: Called Strike 0-1: Ground out 4-3 (Groundball, 4)
|
Batting: LHB Enrico Vargas
|
0-0: Foul Ball, location: 2F 0-1: Fly out, F5 (Popup, 5F)
|
Batting: LHB Jorge Olvera
|
0-0: Foul Ball, location: 2F 0-1: Ball 1-1: Ball 2-1: Ball 3-1: Swinging Strike 3-2: Foul Ball, location: 2F 3-2: Base on Balls
|
Batting: LHB Del Kennedy
|
0-0: Ball 1-0: Swinging Strike 1-1: SINGLE (Flyball, 8RS) Jorge Olvera to second
|
Batting: RHB Carlos Peña
|
0-0: Fly out, F9 (Flyball, 9LS)
|
Bottom of the 6th over - 0 run(s), 1 hit(s), 0 error(s), 2 left on base; Bismarck 1 - Red Deer 3 |
TOP OF THE 7TH |
Bismarck Barons batting - Pitching for Red Deer Wranglers : RHP José Pérez
|
Batting: LHB Howard Lambert
|
0-0: Ground out U3 (Groundball, 3S)
|
Batting: LHB Michael Cook
|
0-0: Foul Ball, location: 2F 0-1: Ball 1-1: Ball 2-1: Called Strike 2-2: Strikes out swinging
|
Batting: LHB Lorenzo Núñes
|
0-0: DOUBLE (Flyball, 7LM)
|
Batting: RHB Norm Francis
|
0-0: Ball 1-0: Ball 2-0: Called Strike 2-1: Swinging Strike 2-2: Foul Ball, location: 2F 2-2: Foul Ball, location: 2F 2-2: Ball 3-2: Base on Balls
|
Pitching: RHP José Ramos
|
|
Batting: RHB Paul Ladd
|
0-0: Ball 1-0: Ball 2-0: Swinging Strike 2-1: Foul Ball, location: 2F 2-2: Ball 3-2: Foul Ball, location: 2F 3-2: Strikes out looking
|
Top of the 7th over - 0 run(s), 1 hit(s), 0 error(s), 2 left on base; Bismarck 1 - Red Deer 3 |
BOTTOM OF THE 7TH |
Red Deer Wranglers batting - Pitching for Bismarck Barons : LHP Francisco Rodríguez
|
Pitching: RHP Felix Carrado
|
|
Batting: SHB José López
|
0-0: Ball 1-0: Foul Ball, location: 2F 1-1: Ball 2-1: SINGLE (Line Drive, 9S)
|
Batting: LHB Greg Nelson
|
0-0: Ball 1-0: Bunted foul 1-1: Ball 2-1: Bunt missed! 2-2: Ball 3-2: Strikes out swinging
|
Batting: LHB José Suárez
|
0-0: Ball 1-0: Ball 2-0: Ball 3-0: Base on Balls José López to second
|
Batting: RHB John McDonald
|
0-0: Called Strike 0-1: Ball 1-1: Foul Ball, location: 2F 1-2: Strikes out swinging
|
Pinch Hitting: RHB Todd Bryant
|
0-0: Called Strike 0-1: SINGLE (Line Drive, 34D) José López to third José Suárez to second Runner from 3rd tries for Home, SAFE, no throw or cutoff
|
Batting: LHB Enrico Vargas
|
0-0: Ball 1-0: Ball 2-0: Ball 3-0: Called Strike 3-1: Foul Ball, location: 2F 3-2: DOUBLE (Line Drive, 9LM) José Suárez scores Todd Bryant to third Todd Bryant scores
|
Batting: LHB Jorge Olvera
|
0-0: Ball 1-0: Called Strike 1-1: Ball 2-1: Swinging Strike 2-2: Ground out 4-3 (Groundball, 4)
|
Bottom of the 7th over - 3 run(s), 3 hit(s), 0 error(s), 1 left on base; Bismarck 1 - Red Deer 6 |
TOP OF THE 8TH |
Bismarck Barons batting - Pitching for Red Deer Wranglers : RHP José Ramos
|
Now at 1B: Max Duncan
|
|
Batting: RHB Tony Quinn
|
0-0: Foul Ball, location: 2F 0-1: Called Strike 0-2: Fly out, F8 (Flyball, 8RM)
|
Batting: RHB Benito Minardi
|
0-0: Ball 1-0: SINGLE (Groundball, 6MD)
|
Batting: RHB Dave Parker
|
0-0: Fielders Choice at 2nd, 2-4 (Groundball, 2L)
|
Batting: RHB Lúcio Flores
|
0-0: Ball 1-0: Ball 2-0: Called Strike 2-1: Ball 3-1: Swinging Strike 3-2: Strikes out looking
|
Top of the 8th over - 0 run(s), 1 hit(s), 0 error(s), 1 left on base; Bismarck 1 - Red Deer 6 |
BOTTOM OF THE 8TH |
Red Deer Wranglers batting - Pitching for Bismarck Barons : RHP Felix Carrado
|
Batting: LHB Del Kennedy
|
0-0: Called Strike 0-1: Swinging Strike 0-2: Ground out 4-3 (Groundball, 34)
|
Batting: RHB Carlos Peña
|
0-0: Ball 1-0: Called Strike 1-1: Ball 2-1: Foul Ball, location: 2F 2-2: Ball 3-2: Foul Ball, location: 2F 3-2: Foul Ball, location: 2F 3-2: Base on Balls
|
Batting: SHB José López
|
0-0: DOUBLE (Flyball, 89XD) Carlos Peña to third
|
Batting: LHB Greg Nelson
|
0-0: Ball 1-0: Ball 2-0: Called Strike 2-1: DOUBLE (Groundball, 3L) Carlos Peña scores José López scores
|
Pitching: RHP Francisco Anaya
|
|
Batting: LHB José Suárez
|
0-0: Called Strike 0-1: Called Strike 0-2: Ball 1-2: Ball 2-2: Ball 3-2: Base on Balls
|
Batting: RHB John McDonald
|
0-0: Called Strike 0-1: Called Strike 0-2: Ball 1-2: Foul Ball, location: 2F 1-2: Foul Ball, location: 2F 1-2: Foul Ball, location: 2F 1-2: Strikes out looking
|
Batting: LHB Max Duncan
|
0-0: Ball 1-0: Ground out 2-3 (Groundball, 2R)
|
Bottom of the 8th over - 2 run(s), 2 hit(s), 0 error(s), 2 left on base; Bismarck 1 - Red Deer 8 |
TOP OF THE 9TH |
Bismarck Barons batting - Pitching for Red Deer Wranglers : RHP José Ramos
|
Batting: LHB Howard Lambert
|
0-0: Ball 1-0: Called Strike 1-1: Fly out, F7 (Flyball, 7M)
|
Batting: LHB Michael Cook
|
0-0: Called Strike 0-1: Swinging Strike 0-2: Ball 1-2: Strikes out swinging
|
Batting: LHB Lorenzo Núñes
|
0-0: Called Strike 0-1: Ball 1-1: Called Strike 1-2: Foul Ball, location: 2F 1-2: Ball 2-2: Strikes out swinging
|
Top of the 9th over - 0 run(s), 0 hit(s), 0 error(s), 0 left on base; Bismarck 1 - Red Deer 8 |
|